 Dungeon Crawl Stone Soup version 0.27-a0-1136-g0b992a5a9d (webtiles) character file.

Game seed: 13469180592657683372

289 jestyr24 the Magician (level 6, 0/41 HPs)
             Began as a Djinni Air Elementalist on May 4, 2021.
             Slain by a gnoll
             ... wielding a +0 spear
              (5 damage)
             ... on level 5 of the Dungeon.
             The game lasted 00:12:31 (4318 turns).

jestyr24 the Magician (Djinni Air Elementalist)     Turns: 4318, Time: 00:12:32

Health: 0/41       AC:  2    Str:  7    XL:     6   Next: 31%
Gold:   202        EV: 13    Int: 18    God:
                   SH:  0    Dex: 14

rFire    + + .     SeeInvis .   (no weapon)
rCold    x . .     Faith    .   (no shield)
rNeg     . . .     Spirit   .   a - +0 robe
rPois    ∞         Reflect  .   (no helmet)
rElec    .         Harm     .   (no cloak)
rCorr    +         Rampage  .   (no gloves)
Will     .....                  (boots unavailable)
Stlth    ++........             m - amulet of regeneration
HPRegen  1.13/turn              e - ring of resist corrosion
MPRegen  0.00/turn              (no ring)

@: flying
A: sickness immunity, fire resistance 2, cold vulnerability 1, float, innate
caster, hp casting, extra vitality 1
a: no special abilities


You were on level 5 of the Dungeon.
You visited 1 branch of the dungeon, and saw 5 of its levels.

You collected 202 gold pieces.

Inventory:

Hand Weapons
 c - a +0 dagger
 n - a +1 dagger of holy wrath
 q - a +2 antimagic dagger
Armour
 a - a +0 robe (worn)
Jewellery
 e - a ring of resist corrosion (left hand)
 m - an amulet of regeneration (around neck)
Scrolls
 d - 3 scrolls of identify {unknown}
 g - a scroll of enchant weapon {unknown}
 j - a scroll of teleportation {unknown}
 k - a scroll of immolation {unknown}
 l - a scroll of amnesia {unknown}
Potions
 b - a potion of resistance {unknown}
 f - a potion of ambrosia {unknown}
 h - 3 potions of heal wounds {unknown}
 i - a potion of attraction {unknown}
 o - 2 potions of curing {unknown}
 p - a potion of mutation {unknown}
 r - a potion of haste {unknown}


   Skills:
 + Level 0.5 Fighting
 + Level 2.9 Dodging
 + Level 2.7 Stealth
 + Level 5.1 Spellcasting


You couldn't memorise any spells.
You knew the following spells:

 Your Spells              Type           Power      Damage    Failure   Level
a - Shock                 Conj/Air       92%        1d8       1%          1
b - Static Discharge      Conj/Air       23%        N/A       2%          2
c - Swiftness             Air            23%        N/A       4%          3
d - Airstrike             Air            11%        N/A       16%         4
e - Lightning Bolt        Conj/Air       11%        1d24      41%         5
f - Freeze                Ice            92%        1d10      1%          1
g - Ensorcelled Hibernat  Hex/Ice        46%        N/A       2%          2
Your spell library was empty.

Dungeon Overview and Level Annotations

Branches:
Dungeon (5/15)
 Temple: D:4-7

Altars:
Fedhas
Uskayaw


Innate Abilities, Weirdness & Mutations

You are immune to sickness and miasma.
You are immune to poison.
Your flesh is very heat resistant. (rF++)
You are vulnerable to cold. (rC-)
You float through the air rather than walking.
You learn spells naturally, not from books.
Your magical power is your life essence.
You have superior vitality. (+4 HP)


Message History

You are struck by an arc of lightning.
The lightning grounds out.
The orc misses you. The gnoll hits you with a +0 flail!
Casting: Static Discharge (safe; 2% risk of failure)
Confirm with . or Enter, or press ? or * to list all spells.
The orc is struck by an arc of lightning!
You kill the orc!
You are struck by an arc of lightning.
The lightning grounds out.
The gnoll is struck by an arc of lightning!
You kill the gnoll!
The lightning grounds out.
The gnoll completely misses you.
Casting: Static Discharge (safe; 2% risk of failure)
Confirm with . or Enter, or press ? or * to list all spells.
Aiming: Shock (safe; 1% risk of failure)
Press: ? - help, Shift-Dir - straight line, f/p - gnoll
Aim: a gnoll, wielding a +0 spear (lightly wounded, 77% to hit)
The zap hits the gnoll.
The gnoll is severely wounded.
The zap hits the gnoll!
The gnoll is severely wounded.
The gnoll closely misses you. The gnoll closely misses you. x2
Things that are here:
a +0 flail; a gnoll corpse
Casting: Shock (safe; 1% risk of failure)
Confirm with . or Enter, or press ? or * to list all spells.
The gnoll shaman is struck by an arc of lightning.
The gnoll shaman is heavily wounded.
The lightning grounds out.
The gnoll hits you with a +0 whip.
The gnoll hits you from afar with a +0 spear.
The gnoll barely misses you.
The gnoll hits you from afar with a +0 spear!
* * * LOW HITPOINT WARNING * * *
The gnoll shaman barely misses you.
The gnoll shaman calls upon its god to speed up the gnoll.
The gnoll seems to speed up.
There is a stone staircase leading up here.
The gnoll barely misses you. The gnoll hits you with a +0 whip.
* * * LOW HITPOINT WARNING * * *
The gnoll hits you from afar with a +0 spear.
You die...

....... .....
....# #.#.#
####...######
##...........#
##.....$g......
#.....@ggg.....
#......)g......
#..............
#..............
#..............
##.....).......
##.....#.....#
#############


You could see a gnoll shaman and 4 gnolls.

Vanquished Creatures
  A centaur zombie (D:4)
  Jessica (D:3)
  An orc wizard (D:2)
  4 adders
  7 gnolls
  2 adder zombies (D:2)
  3 worms (D:2)
  2 dart slugs
  4 orcs
  6 ball pythons
  8 endoplasms
  4 giant cockroaches
  7 goblins
  2 hobgoblins
  5 jackals (D:1)
  2 quokkas
  A ball python skeleton (D:2)
  A bat (D:3)
  2 frilled lizards (D:1)
  10 kobolds
  A quokka skeleton (D:2)
  A quokka zombie (D:2)
  21 rats
96 creatures vanquished.

Vanquished Creatures (others)
  A fungus (D:3)
  A plant (D:3)
2 creatures vanquished.

Grand Total: 98 creatures vanquished

Notes
Turn   | Place    | Note
-------+----------+-------------------------------------------
     0 | D:1      | jestyr24 the Djinni Air Elementalist began the quest for
                  | the Orb.
     0 | D:1      | Reached XP level 1. HP: 15/15 MP: 0/0
   265 | D:1      | Reached skill level 3 in Spellcasting
   265 | D:1      | Reached XP level 2. HP: 19/21 MP: 0/0
   745 | D:1      | Reached XP level 3. HP: 12/25 MP: 0/0
   745 | D:1      | Learned a level 1 spell: Freeze
  1441 | D:2      | Found a faded altar of an unknown god.
  1754 | D:2      | Reached XP level 4. HP: 21/31 MP: 0/0
  2458 | D:2      | Reached skill level 4 in Spellcasting
  2458 | D:2      | Reached XP level 5. HP: 6/35 MP: 0/0
  2458 | D:2      | Learned a level 2 spell: Ensorcelled Hibernation
  3140 | D:3      | Found a blossoming altar of Fedhas.
  3329 | D:3      | Found a hide-covered altar of Uskayaw.
  3336 | D:3      | Noticed Jessica
  3341 | D:3      | Killed Jessica
  3616 | D:4      | Reached XP level 6. HP: 41/41 MP: 0/0
  3651 | D:4      | Reached skill level 5 in Spellcasting
  4308 | D:5      | Entered Level 5 of the Dungeon
  4318 | D:5      | Slain by a gnoll

Illustrated notes

Levels and vault maps discovered:
D:1:      eino_arrival_cavern_e, layout_loops_ring
D:2:      layout_rooms, serial_undead, serial_undead_d, serial_undead_d,
          serial_undead_c, serial_undead_b, ebering_ecumenical_altar_webs,
          st_stairs_8, minmay_rat_hole
D:3:      layout_loops_ring, nicolae_uskayaw_murder_on_the_dancefloor,
          fedhas_altar_3, uniq_jessica
D:4:      layout_loops_ring, serial_rivers, chequers_serial_rivers_micro_b,
          chequers_serial_rivers_micro_e, chequers_serial_rivers_micro_d,
          chequers_serial_rivers_large_a, chequers_serial_rivers_large_b,
          chequers_serial_rivers_room_b
D:5:      layout_rooms, minmay_misc_feat_square

Skill      XL: |  1  2  3  4  5  6 |
---------------+-------------------+-----
Spellcasting   | 3 4 5 |  5.1
Stealth        | 2 |  2.7
Fighting       | |  0.5
Dodging        | |  2.9

Action                   |  1- 3 |  4- 6 || total
-------------------------+-------+-------++-------
 Cast: Shock             |    81 |   108 ||   189
       Static Discharge  |       |    18 ||    18
Armor: Robe              |     5 |     2 ||     7
Dodge: Dodged            |    10 |    26 ||    36

Table legend: (Time is in decaauts)
 A = Elapsed time spent in this place.
 B = Non-inter-level travel time spent in this place.
 C = Inter-level travel time spent in this place.
 D = Time resting spent in this place.
 E = Time spent auto-exploring this place.
 F = Levels seen in this place.
 G = Mean time per level.
                   A        B        C        D        E       F      G
               +--------+--------+--------+--------+--------+-----+--------+
         Total |   4316 |   4185 |    131 |   1037 |   2710 |   5 |  863.2 |
       Dungeon |   4316 |   4185 |    131 |   1037 |   2710 |   5 |  863.2 |
               +--------+--------+--------+--------+--------+-----+--------+

Top non-repeatable levels by time:
     D:2: 1700 daAuts
     D:1: 1373 daAuts
     D:4: 695 daAuts
     D:3: 536 daAuts
     D:5: 9 daAuts
